[Event "Titled Tuesday Blitz January 31 Late 2023"]
[White "Klose, Eli"]
[Black "Andreassen, Lars"]
[WhiteFideId "16242955"]
[BlackFideId "1504878"]
[WhiteElo "1519"]
[BlackElo "2168"]
[Result "1-0"]
[Round "09"]
[TimeControl "180+2"]
[Date "2023.01.31"]
[WhiteClock "0:02:06"]
[BlackClock "0:01:17"]

1. e4 d5 2. exd5 Nf6 3. Nc3 Nxd5 4. Nxd5 Qxd5 5. Nf3 Bg4 6. Be2 Nc6 7. O-O e5 8. h3 Bh5 9. d3 Bd6 10. Re1 O-O 11. Be3 f5 12. b3 f4 13. Bc1 h6 14. Bb2 Rae8 15. d4 Kh8 16. dxe5 Qxd1 17. Raxd1 Bxf3 18. Bxf3 Nxe5 19. Bxb7 Re7 20. Kf1 f3 21. g3 Rfe8 22. Re3 Bc5 23. Rxe5 Rxe5 24. Bxe5 Rxe5 25. Bxf3 Rf5 26. Kg2 g5 27. Rd2 h5 28. Bxh5 1-0


[Site "https://www.chess.com"]

[Event "Titled Tuesday Blitz January 31 Late 2023"]
[White "Pein, Jonathan"]
[Black "Tanenbaum, Zachary"]
[WhiteFideId "417092"]
[BlackFideId "2060850"]
[WhiteElo "2265"]
[BlackElo "2261"]
[Result "1-0"]
[Round "09"]
[TimeControl "180+2"]
[Date "2023.01.31"]
[WhiteClock "0:00:08"]
[BlackClock "0:00:01"]

1. b3 e5 2. Bb2 Nc6 3. e3 Nf6 4. c4 Bc5 5. d3 O-O 6. Nf3 Re8 7. Nbd2 d6 8. a3 a6 9. b4 Ba7 10. Qc2 Bf5 11. Be2 h6 12. h3 Qe7 13. g4 Bg6 14. Rg1 e4 15. Nh4 Bh7 16. Nf5 Bxf5 17. gxf5 exd3 18. Bxd3 Bxe3 19. O-O-O Nd4 20. Qc3 Bxd2+ 21. Rxd2 Nf3 22. Rg3 Nxd2 23. Qxf6 Qxf6 24. Bxf6 Ne4 25. Rxg7+ Kf8 26. Bxe4 Rxe4 27. Rh7 Re1+ 28. Kd2 Rg1 29. Rxh6 a5 30. b5 Re8 31. h4 Re4 32. Kd3 Reg4 33. h5 Ke8 34. Rh7 Rg8 35. h6 Rh1 36. Rg7 Rxg7 37. hxg7 Rg1 38. f4 Rg3+ 39. Kd4 c5+ 40. Ke4 Kd7 41. Bg5 d5+ 42. cxd5 f6 43. g8=Q fxg5 44. Qe6+ Kc7 45. Qe5+ Kb6 46. fxg5 Rg1 47. Qd6+ 1-0


[Site "https://www.chess.com"]

[Event "Titled Tuesday Blitz January 31 Late 2023"]
[White "Dourerassou, Jonathan"]
[Black "Hajiyev, Kanan"]
[WhiteFideId "628050"]
[BlackFideId "13404148"]
[WhiteElo "2414"]
[BlackElo "2197"]
[Result "1-0"]
[Round "09"]
[TimeControl "180+2"]
[Date "2023.01.31"]
[WhiteClock "0:01:14"]
[BlackClock "0:00:05"]

1. e4 c6 2. Nc3 d5 3. d4 a6 4. Nf3 Bg4 5. Be2 e6 6. O-O Nf6 7. exd5 cxd5 8. h3 Bxf3 9. Bxf3 Bd6 10. Re1 O-O 11. Bg5 Nbd7 12. Ne2 Qc7 13. c3 b5 14. Qd3 Rfc8 15. Nc1 b4 16. Bd2 bxc3 17. Bxc3 Qc4 18. Qxc4 Rxc4 19. Nd3 a5 20. a3 a4 21. Be2 Rc7 22. Rac1 Ne4 23. Bb4 Rac8 24. Bxd6 Nxd6 25. Rxc7 Rxc7 26. Rc1 Nc4 27. Nb4 Ndb6 28. Rc2 Kf8 29. Na6 Ra7 30. Nc5 Ke7 31. f4 g6 32. Kf2 h5 33. g3 Ra5 34. Bd3 Rb5 35. Bxc4 dxc4 36. Ne4 Nd5 37. Nc5 Nb6 38. g4 hxg4 39. hxg4 Kd6 40. Ne4+ Ke7 41. Nc3 Rb3 42. Ke2 Kd6 43. Kd1 Nd5 44. Nxa4 Nxf4 45. Rxc4 Nd5 46. Rc8 Rg3 47. Nc5 Rxg4 48. Nb3 Rg2 49. Kc1 g5 50. a4 Nb4 51. Nc5 g4 52. a5 g3 53. Rb8 Nc6 54. Rd8+ Kc7 55. Rd7+ Kc8 56. Rxf7 Nxa5 57. Nxe6 Nb3+ 58. Kb1 Re2 59. Nf4 g2 60. Nxe2 Nd2+ 61. Kc2 Ne4 62. Kd3 Ng5 63. Rg7 Nf3 64. Ke3 Ne1 65. Ke4 Kd8 66. d5 Nc2 67. Rxg2 Nb4 68. Rg7 Ke8 69. Nd4 1-0


[Site "https://www.chess.com"]

[Event "Titled Tuesday Blitz January 31 Late 2023"]
[White "CheckBits"]
[Black "Martinez Ramirez, Lennis"]
[BlackFideId "3509079"]
[WhiteElo "2478"]
[BlackElo "2426"]
[Result "0-1"]
[Round "09"]
[TimeControl "180+2"]
[Date "2023.01.31"]
[WhiteClock "0:00:01"]
[BlackClock "0:00:23"]

1. e4 c5 2. Nf3 d6 3. Bb5+ Nd7 4. O-O a6 5. Bd3 g6 6. Re1 Bg7 7. c3 Ne5 8. Be2 Nf6 9. d3 O-O 10. h3 b5 11. Bf4 Nfd7 12. Nbd2 Bb7 13. a4 b4 14. Qc2 a5 15. Nxe5 dxe5 16. Be3 f5 17. exf5 gxf5 18. Bf3 e4 19. Qb3+ Kh8 20. dxe4 f4 21. e5 Bxf3 22. Nxf3 fxe3 23. Rxe3 Qc7 24. Ng5 Nxe5 25. Ne6 Qb8 26. Rae1 c4 27. Qd1 Nd3 28. R1e2 Rf7 29. b3 bxc3 30. bxc4 Nf4 31. Rc2 Nxe6 0-1


[Site "https://www.chess.com"]

[Event "Titled Tuesday Blitz January 31 Late 2023"]
[White "Papayan, Oleg"]
[Black "Sanchez, Sebastian Felipe"]
[WhiteFideId "4193911"]
[BlackFideId "4403304"]
[WhiteElo "2253"]
[BlackElo "2427"]
[Result "0-1"]
[Round "09"]
[TimeControl "180+2"]
[Date "2023.01.31"]
[WhiteClock "0:00:03"]
[BlackClock "0:01:20"]

1. d4 Nf6 2. Nf3 d5 3. c3 Bf5 4. Qb3 Qc8 5. c4 dxc4 6. Qxc4 e6 7. Bf4 Nbd7 8. Nbd2 Bd6 9. Bxd6 cxd6 10. Rc1 Qxc4 11. Nxc4 Ke7 12. e3 Rhc8 13. Rd1 Nb6 14. b3 Nbd5 15. Be2 Nc3 16. Ra1 b5 17. Na3 a6 18. Nd2 d5 19. Bf3 b4 20. Nab1 Nxb1 21. Nxb1 Rc1+ 0-1


[Site "https://www.chess.com"]

[Event "Titled Tuesday Blitz January 31 Late 2023"]
[White "Kochetov, Andrey"]
[Black "Blit, Jacques"]
[WhiteFideId "24130532"]
[BlackFideId "114839"]
[WhiteElo "2165"]
[BlackElo "2309"]
[Result "0-1"]
[Round "09"]
[TimeControl "180+2"]
[Date "2023.01.31"]
[WhiteClock "0:00:01"]
[BlackClock "0:00:15"]

1. e4 c5 2. Nf3 a6 3. c4 d6 4. Nc3 e5 5. g3 Nc6 6. Bg2 g6 7. O-O Bg7 8. h3 Nge7 9. d3 O-O 10. Rb1 f5 11. Ne1 f4 12. g4 Nd4 13. f3 h5 14. Nc2 hxg4 15. hxg4 Nec6 16. Nd5 Qh4 17. Bd2 Kf7 18. b4 Rh8 19. Be1 Qh2+ 20. Kf2 Nxc2 21. Qxc2 Nd4 22. Qd1 Bxg4 23. fxg4 f3 24. Rg1 Ke6 25. Bc3 fxg2 26. Bxd4 Raf8+ 27. Ke2 cxd4 28. c5 Qg3 29. Qe1 Qf3+ 30. Kd2 Bh6+ 31. Kc2 Be3 32. b5 Bxg1 33. Qa5 Qe2+ 34. Kb3 Qxd3+ 35. Kb2 Rf1 36. Qc7 Rxb1# 0-1


[Site "https://www.chess.com"]

[Event "Titled Tuesday Blitz January 31 Late 2023"]
[White "Liu, Eric"]
[Black "Bambino Filho, Antonio Carlos"]
[WhiteFideId "30960240"]
[BlackFideId "2113163"]
[WhiteElo "2299"]
[BlackElo "2144"]
[Result "1-0"]
[Round "09"]
[TimeControl "180+2"]
[Date "2023.01.31"]
[WhiteClock "0:00:26"]
[BlackClock "0:01:06"]

1. e4 c5 2. Nc3 Nc6 3. Nge2 e5 4. Ng3 g6 5. Bc4 Bg7 6. a4 Nge7 7. d3 O-O 8. O-O d6 9. f4 exf4 10. Bxf4 Be6 11. Qd2 d5 12. exd5 Nxd5 13. Bg5 Qd7 14. Nce4 f5 15. Nxc5 Bd4+ 16. Be3 Nxe3 17. Bxe6+ Kh8 18. Nxd7 Nc4+ 19. Qf2 Bxf2+ 20. Rxf2 Ne3 21. Nxf8 Rxf8 22. Re1 Ng4 23. Rf4 Re8 24. d4 Nb4 25. Re2 Nxc2 26. Rxc2 Rxe6 27. h3 Re1+ 28. Rf1 1-0


[Site "https://www.chess.com"]

[Event "Titled Tuesday Blitz January 31 Late 2023"]
[White "Kourkoulos-Arditis, Stamatis"]
[Black "Cruz, William Ferreira Da"]
[WhiteFideId "4221990"]
[BlackFideId "2118050"]
[WhiteElo "2539"]
[BlackElo "2216"]
[Result "1-0"]
[Round "09"]
[TimeControl "180+2"]
[Date "2023.01.31"]
[WhiteClock "0:01:46"]
[BlackClock "0:00:25"]

1. e4 e6 2. d4 d5 3. Nd2 Be7 4. Ngf3 Nf6 5. e5 Nfd7 6. Bd3 c5 7. c3 Nc6 8. O-O cxd4 9. cxd4 a5 10. a4 Nb4 11. Bb1 b6 12. Re1 Ba6 13. Ra3 Rc8 14. Nf1 Qc7 15. Rc3 Qb7 16. Ng3 Rc4 17. Nh5 Bf8 18. Ng5 h6 19. Nxf7 Kxf7 20. Qg4 Rxc3 21. Bg6+ Ke7 22. Qh4+ Nf6 23. exf6+ Kd7 24. bxc3 Nd3 25. Bxd3 Bxd3 26. fxg7 Bxg7 27. Nxg7 Be4 28. f3 Kc6 29. Qf6 Rg8 30. Qxe6+ Kc7 31. Bf4+ Kd8 32. Qxg8+ Ke7 33. Qe8+ 1-0


[Site "https://www.chess.com"]

[Event "Titled Tuesday Blitz January 31 Late 2023"]
[White "Przybylski, Wojciech"]
[Black "Goroshkov, Maksym"]
[WhiteFideId "1117599"]
[BlackFideId "14142716"]
[WhiteElo "2321"]
[BlackElo "2287"]
[Result "0-1"]
[Round "09"]
[TimeControl "180+2"]
[Date "2023.01.31"]
[WhiteClock "0:00:03"]
[BlackClock "0:00:04"]

1. e4 e5 2. Nf3 d6 3. h3 Nf6 4. Nc3 Be7 5. Bc4 O-O 6. O-O c5 7. d3 Nc6 8. a4 Nd4 9. a5 Be6 10. b3 Qd7 11. Ng5 h6 12. Bxe6 Nxe6 13. Nf3 Nh5 14. g3 Nf6 15. Kg2 Nd4 16. Nd2 d5 17. Re1 Nc6 18. Nf3 Rad8 19. Bb2 d4 20. Nb1 Nh7 21. Nbd2 Bg5 22. Nc4 Bf6 23. Bc1 Ng5 24. Bxg5 hxg5 25. Rh1 Qe6 26. Qd2 Qe7 27. h4 g4 28. Nh2 Qe6 29. Qe2 Nb4 30. Rhc1 Be7 31. Qxg4 f5 32. Qe2 f4 33. Qh5 Bd6 34. Nd2 fxg3 35. fxg3 Rf6 36. Ng4 Rg6 37. Nf2 Rf8 38. Nf3 Rgf6 39. Rf1 Rxf3 40. Qxf3 Rxf3 41. Kxf3 Nxc2 42. Kg2 Ne3+ 43. Kh2 Nxf1+ 44. Rxf1 Qxb3 45. Ng4 Qxd3 46. Rf2 Qxe4 47. Kh3 d3 48. h5 c4 49. h6 c3 50. h7+ Kxh7 51. Rf7 Qh1+ 52. Nh2 d2 53. Rd7 d1=Q 54. Kh4 Qxh2+ 55. Kg5 Qhh5# 0-1


[Site "https://www.chess.com"]

[Event "Titled Tuesday Blitz January 31 Late 2023"]
[White "Kavutskiy, Konstantin"]
[Black "Deviprasath, Sharvesh"]
[WhiteFideId "2026384"]
[BlackFideId "30938228"]
[WhiteElo "2414"]
[BlackElo "2296"]
[Result "0-1"]
[Round "09"]
[TimeControl "180+2"]
[Date "2023.01.31"]
[WhiteClock "0:01:02"]
[BlackClock "0:01:15"]

1. d4 Nf6 2. Bg5 Ne4 3. Bf4 Nc6 4. f3 Nf6 5. e4 d6 6. d5 Ne5 7. Qd2 g6 8. c4 Bg7 9. Nc3 O-O 10. Bxe5 dxe5 11. c5 e6 12. Bc4 exd5 13. Nxd5 c6 14. Ne3 Bh6 15. Qxd8 Rxd8 16. Ke2 Rd4 17. b3 b5 18. cxb6 axb6 19. a4 b5 20. Bd3 Be6 21. Nc2 Rd6 22. axb5 Rxa1 23. Nxa1 cxb5 24. Nh3 Bxh3 25. gxh3 Nh5 26. Bxb5 Rd2+ 27. Ke1 Ra2 0-1


[Site "https://www.chess.com"]

[Event "Titled Tuesday Blitz January 31 Late 2023"]
[White "Kovacs, Klara"]
[Black "Pasti, Aron"]
[WhiteFideId "733210"]
[BlackFideId "785857"]
[WhiteElo "2121"]
[BlackElo "2361"]
[Result "0-1"]
[Round "09"]
[TimeControl "180+2"]
[Date "2023.01.31"]
[WhiteClock "0:01:03"]
[BlackClock "0:00:41"]

1. d4 Nf6 2. Nf3 d5 3. g3 e6 4. Bg2 Be7 5. O-O O-O 6. Nbd2 Nbd7 7. a3 c5 8. c3 b6 9. b4 a5 10. Ne5 Nxe5 11. dxe5 Nd7 12. bxc5 bxc5 13. f4 Ba6 14. c4 Nb6 15. cxd5 Nxd5 16. Ne4 c4 17. Kh1 Rc8 18. Qc2 c3 19. a4 Nb4 20. Qb3 Bc4 21. Qb1 Bxe2 22. Re1 Bd3 23. Qb3 Bc2 24. Qa3 Nd3 25. Nd6 Nxe1 26. Be3 Nxg2 27. Kxg2 Bxd6 28. exd6 Be4+ 29. Kf2 c2 30. Rc1 Rc6 31. Bc5 Qc8 32. d7 Qxd7 33. Bxf8 Qd2+ 34. Kf1 Rc3 35. Bb4 axb4 0-1


[Site "https://www.chess.com"]

[Event "Titled Tuesday Blitz January 31 Late 2023"]
[White "Bas Mas, Jose Joaquin"]
[Black "Kim, Sergey"]
[WhiteFideId "22219064"]
[BlackFideId "13700570"]
[WhiteElo "2197"]
[BlackElo "2295"]
[Result "1-0"]
[Round "09"]
[TimeControl "180+2"]
[Date "2023.01.31"]
[WhiteClock "0:00:05"]
[BlackClock "0:00:01"]

1. e4 e5 2. Nc3 Nf6 3. f4 d5 4. fxe5 Nxe4 5. Nf3 Be7 6. d3 Nxc3 7. bxc3 c5 8. Ke2 Nc6 9. Kf2 Be6 10. Be2 h6 11. Rf1 Qd7 12. Kg1 O-O-O 13. a4 g5 14. d4 g4 15. Ne1 c4 16. Ba3 Bxa3 17. Rxa3 h5 18. a5 Rdf8 19. Ra1 Qe7 20. Qc1 f6 21. exf6 Rxf6 22. Rxf6 Qxf6 23. Qe3 Bd7 24. g3 Re8 25. Qf2 Qe7 26. Bf1 Rf8 27. Qe2 Qf7 28. Ng2 Bf5 29. Nf4 Be4 30. Bg2 Re8 31. Re1 Nxa5 32. Qd1 Bxg2 33. Kxg2 Nc6 34. Re2 Rxe2+ 35. Qxe2 h4 36. Qxg4+ Kc7 37. Ne6+ Kd6 38. Nc5 b6 39. Na6 Qe7 40. Qf4+ Ke6 41. Nc7+ Kd7 42. Nxd5 Qe2+ 43. Qf2 Qe4+ 44. Qf3 Qxc2+ 45. Kh3 Qg6 46. Nf6+ Ke7 47. Qxc6 Qxf6 48. Qc7+ Kf8 49. Qxa7 hxg3 50. Qb8+ Kf7 51. Qc7+ Kf8 52. Qxg3 Qe6+ 53. Kg2 Ke7 54. Qc7+ Kf6 55. Qf4+ Ke7 56. Kf3 Qh3+ 57. Qg3 Qf5+ 58. Kg2 Qc2+ 59. Kh3 Qd3 60. Kh4 1-0


[Site "https://www.chess.com"]

[Event "Titled Tuesday Blitz January 31 Late 2023"]
[White "Danielyan, Vahe"]
[Black "Omelja, Artem"]
[WhiteFideId "13304828"]
[BlackFideId "14119846"]
[WhiteElo "2346"]
[BlackElo "2446"]
[Result "1-0"]
[Round "09"]
[TimeControl "180+2"]
[Date "2023.01.31"]
[WhiteClock "0:00:33"]
[BlackClock "0:00:03"]

1. e4 c5 2. Nc3 a6 3. g3 b5 4. Bg2 Bb7 5. Nge2 e6 6. d4 Nf6 7. O-O b4 8. Na4 Bxe4 9. Nxc5 Bxg2 10. Kxg2 Nc6 11. Be3 Be7 12. a3 O-O 13. axb4 Nxb4 14. c3 Nbd5 15. Qd3 Nxe3+ 16. Qxe3 Qb6 17. Nd3 Rfc8 18. Qf3 Rab8 19. Ra4 Rc7 20. Rfa1 Ra7 21. b4 d5 22. Nc5 Bxc5 23. dxc5 Qb5 24. Nd4 Qc4 25. Nc6 Rba8 26. Nxa7 Rxa7 27. Qe3 h6 28. Qd4 Qb5 29. Ra5 Qe2 30. c6 Rc7 31. Rxa6 Ne4 32. Ra8+ Kh7 33. R1a7 Rxa7 34. Rxa7 Nd2 35. Ra1 Nb3 36. Qd1 Qe4+ 37. f3 Qc4 38. Ra3 Qxc3 39. Rxb3 Qxc6 40. b5 Qb6 41. Qb1+ f5 42. Rc3 Qd4 43. Rc2 Qd3 44. b6 f4 45. b7 fxg3 46. Rb2 Qxb1 47. Rxb1 gxh2 48. b8=Q e5 49. Qxe5 h1=Q+ 50. Kxh1 d4 51. Qf5+ g6 52. Rb7+ Kh8 53. Qf8# 1-0


[Site "https://www.chess.com"]

[Event "Titled Tuesday Blitz January 31 Late 2023"]
[White "Ibadov, Dashgyn"]
[Black "Kouskoutis, Georgios-Alexandros"]
[WhiteFideId "24107514"]
[BlackFideId "4234049"]
[WhiteElo "2391"]
[BlackElo "2295"]
[Result "0-1"]
[Round "09"]
[TimeControl "180+2"]
[Date "2023.01.31"]
[WhiteClock "0:00:03"]
[BlackClock "0:00:05"]

1. e4 c5 2. Nc3 Nc6 3. Bb5 e5 4. Bxc6 dxc6 5. d3 Bd6 6. Nge2 Ne7 7. f4 exf4 8. Bxf4 Bxf4 9. Nxf4 Ng6 10. O-O Nxf4 11. Rxf4 Be6 12. Qd2 Qd4+ 13. Qf2 O-O-O 14. Qxd4 Rxd4 15. b3 f6 16. Raf1 b5 17. Ne2 Rd7 18. Kf2 Kc7 19. Ke3 a5 20. g4 h6 21. c3 Ra8 22. d4 a4 23. dxc5 axb3 24. Nd4 Rxd4 25. cxd4 bxa2 26. Ra1 Ra3+ 27. Kd2 Rh3 28. Rf2 Bc4 29. e5 fxe5 30. dxe5 Kd7 31. Kc2 b4 32. Kb2 Bd5 33. Rd1 Ke6 34. Rd4 b3 35. Ra4 Re3 36. Ra7 Re1 37. Rff7 Rb1+ 38. Kc3 a1=Q+ 39. Rxa1 Rxa1 40. Rxg7 Rc1+ 41. Kb2 Rc2+ 42. Kb1 Rxh2 43. Rg6+ Kxe5 44. g5 Be4+ 0-1


[Site "https://www.chess.com"]

[Event "Titled Tuesday Blitz January 31 Late 2023"]
[White "Shubenkova, Veronika"]
[Black "Reprintsev, Alexander"]
[WhiteFideId "44124040"]
[BlackFideId "14100541"]
[WhiteElo "1960"]
[BlackElo "2253"]
[Result "0-1"]
[Round "09"]
[TimeControl "180+2"]
[Date "2023.01.31"]
[WhiteClock "0:00:02"]
[BlackClock "0:00:08"]

1. e4 d5 2. exd5 Qxd5 3. Nc3 Qa5 4. Nf3 Nf6 5. Be2 Nc6 6. O-O Bg4 7. b3 e5 8. h3 Bf5 9. Bb2 O-O-O 10. Ng5 Bg6 11. Bf3 Nd4 12. d3 Bb4 13. Nce4 h6 14. Nxf6 gxf6 15. Ne4 f5 16. Ng3 Bc3 17. Bxc3 Qxc3 18. Rc1 h5 19. Re1 h4 20. Nf1 Rhg8 21. Nd2 f6 22. Nc4 Bf7 23. Bh5 Bd5 24. Ne3 Qc6 25. f3 Be6 26. c3 Nb5 27. Qc2 Rg5 28. f4 Rxh5 29. fxe5 fxe5 30. c4 Nd4 31. Qf2 f4 32. Nd5 Bxd5 33. cxd5 Qxd5 34. Kh2 Rg8 35. Re4 Rhg5 36. Rg1 c5 37. Qxh4 Kb8 38. Qh7 R5g7 39. Qh5 Rg5 40. Qd1 a6 41. Qc1 f3 42. g4 f2 43. Rf1 Nf3+ 44. Kg3 Qxd3 45. Re3 Qd6 46. Rxf3 e4+ 47. Rf4 Qd3+ 48. Kg2 Rh8 49. R1xf2 Qxh3+ 50. Kg1 Qh1# 0-1


[Site "https://www.chess.com"]

[Event "Titled Tuesday Blitz January 31 Late 2023"]
[White "Melikhov, Evgeny V."]
[Black "ArchibaldCerveza29"]
[WhiteFideId "4122046"]
[WhiteElo "2269"]
[BlackElo "2532"]
[Result "0-1"]
[Round "09"]
[TimeControl "180+2"]
[Date "2023.01.31"]
[WhiteClock "0:00:01"]
[BlackClock "0:00:34"]

1. d4 d5 2. c4 e6 3. Nc3 Nf6 4. cxd5 exd5 5. Bg5 c6 6. Qc2 Bd6 7. e3 O-O 8. Bd3 h6 9. Bh4 Re8 10. Nge2 a5 11. h3 Na6 12. a3 Nc7 13. O-O Ne6 14. Bg3 b5 15. Bxd6 Qxd6 16. Rac1 Bd7 17. Qd2 Ng5 18. Nf4 h5 19. Bb1 h4 20. Rfe1 Re7 21. Bd3 Rae8 22. Nce2 Nge4 23. Bxe4 Nxe4 24. Qxa5 Nxf2 25. Kxf2 Rxe3 26. Qd2 g5 27. Nd3 Qh2 28. Ng1 Qg3+ 29. Kf1 Rxd3 30. Rxe8+ Bxe8 31. Qf2 Qxf2+ 32. Kxf2 Rd2+ 33. Ne2 Rxb2 34. Ke3 Rb3+ 35. Rc3 Rxc3+ 36. Nxc3 f5 37. a4 bxa4 38. Nxa4 Kg7 39. Nc5 Kf6 40. Kf3 Bh5+ 41. Kf2 Bd1 42. g3 hxg3+ 43. Kxg3 f4+ 44. Kf2 Kf5 45. Ke1 Bc2 46. Kf2 Be4 47. Kg1 f3 48. Kf2 Kf4 49. Ne6+ Kf5 50. Nc5 g4 51. hxg4+ Kxg4 52. Nd7 Kf5 53. Nb8 c5 54. dxc5 d4 55. c6 Ke6 56. c7 Bb7 57. Nc6 d3 58. Nd8+ Kd7 59. Nxb7 d2 60. Nc5+ Kxc7 61. Ne6+ Kc8 0-1


[Site "https://www.chess.com"]

[Event "Titled Tuesday Blitz January 31 Late 2023"]
[White "Llanos, Guillermo"]
[Black "Veiga, Jose Francisco R P Neves"]
[WhiteFideId "100358"]
[BlackFideId "1930087"]
[WhiteElo "2290"]
[BlackElo "2406"]
[Result "0-1"]
[Round "09"]
[TimeControl "180+2"]
[Date "2023.01.31"]
[WhiteClock "0:00:04"]
[BlackClock "0:01:00"]

1. Nf3 Nc6 2. d4 d6 3. g3 Bg4 4. Bg2 e5 5. O-O Nf6 6. c3 Be7 7. Re1 Qd7 8. e4 h5 9. d5 Nd8 10. c4 h4 11. Nc3 h3 12. Bf1 c5 13. Be2 O-O 14. Nh4 Bxe2 15. Qxe2 g6 16. f4 Ng4 17. Nf3 Bf6 18. fxe5 Nxe5 19. Bf4 Re8 20. Nxe5 Bxe5 21. Qf3 f5 22. Bxe5 Rxe5 23. exf5 Rxf5 24. Qe4 Nf7 25. Qe6 Qxe6 26. dxe6 Ne5 27. Nd5 Re8 28. e7 Nf3+ 0-1


[Site "https://www.chess.com"]

[Event "Titled Tuesday Blitz January 31 Late 2023"]
[White "Ronka, Erik"]
[Black "Lucassen, Mickey"]
[WhiteFideId "505080"]
[BlackFideId "12919110"]
[WhiteElo "2276"]
[BlackElo "2023"]
[Result "0-1"]
[Round "09"]
[TimeControl "180+2"]
[Date "2023.01.31"]
[WhiteClock "0:00:04"]
[BlackClock "0:00:12"]

1. a3 e5 2. c4 Nf6 3. d3 c6 4. Nf3 Be7 5. Nc3 d5 6. cxd5 cxd5 7. Qa4+ Bd7 8. Qb3 Qa5 9. Bd2 Nc6 10. e4 dxe4 11. dxe4 O-O 12. Nd5 Qd8 13. Nxe7+ Qxe7 14. Bc4 Nxe4 15. Be3 Na5 16. Qd3 Nd6 17. Nd2 Ndxc4 18. Nxc4 Bb5 19. Qd6 Qxd6 20. Nxd6 Bc6 21. f3 Rfd8 22. Nf5 Rd7 23. Rc1 g6 24. Nh6+ Kg7 25. Ng4 f6 26. Nf2 Nb3 27. Rc3 Nd4 28. Rd3 Rad8 29. Rd2 Nb3 30. Rxd7+ Rxd7 31. O-O b6 32. f4 e4 33. g4 Nd4 34. Kg2 f5 35. Rd1 Ne6 36. Rxd7+ Bxd7 37. h3 Kf6 38. Nd1 Bc6 39. Nc3 g5 40. fxg5+ Nxg5 41. h4 Nf3 42. Kg3 Ne1 43. Bg5+ Kg6 44. Bf4 Nd3 45. Be3 Nxb2 46. h5+ Kf6 47. g5+ Kf7 48. Kf4 Nc4 49. Bd4 Nxa3 50. Kxf5 Nb5 51. g6+ hxg6+ 52. hxg6+ Kg8 53. Be5 Nxc3 54. Bxc3 e3 55. Kf4 e2 56. Ke3 Bb5 57. Kd2 a5 58. Kc2 Bc4 59. Kb2 a4 60. Ka3 b5 61. Be1 Kg7 62. Bd2 Kxg6 63. Be1 Kf5 64. Kb2 Ke4 65. Kc1 Kf3 66. Bb4 Kg2 67. Bd2 Kf1 0-1


[Site "https://www.chess.com"]

[Event "Titled Tuesday Blitz January 31 Late 2023"]
[White "Ehlvest, Jaan"]
[Black "Kostiukov, Alexandr"]
[WhiteFideId "4500016"]
[BlackFideId "14108100"]
[WhiteElo "2530"]
[BlackElo "2271"]
[Result "1-0"]
[Round "09"]
[TimeControl "180+2"]
[Date "2023.01.31"]
[WhiteClock "0:00:49"]
[BlackClock "0:00:42"]

1. d4 g6 2. e4 Bg7 3. Nc3 d6 4. Be3 e5 5. dxe5 dxe5 6. Qxd8+ Kxd8 7. O-O-O+ Nd7 8. Bc4 f6 9. h4 Bh6 10. Bxh6 Nxh6 11. h5 g5 12. Nge2 c6 13. Be6 Ke7 14. Bb3 Nc5 15. f3 b5 16. g4 a5 17. a3 Be6 18. Bxe6 Kxe6 19. Ng3 b4 20. Nce2 Rhd8 21. Rxd8 Rxd8 22. Nf1 b3 23. Nd2 bxc2 24. Kxc2 a4 25. Nc3 Nf7 26. Nc4 Nd6 27. Rd1 Rd7 28. Nb6 Ra7 29. Rxd6+ Kxd6 30. Nc8+ Kc7 31. Nxa7 Kb7 32. Nxc6 Kxc6 33. Nd5 Ne6 34. h6 Nd4+ 35. Kd3 Nxf3 36. Nxf6 Kd6 37. Nxh7 Ke7 38. Ke2 Nh2 39. Nxg5 Nxg4 40. h7 1-0


[Site "https://www.chess.com"]

[Event "Titled Tuesday Blitz January 31 Late 2023"]
[White "Fernandez Siles, Luis"]
[Black "Gurevich, Dmitry"]
[WhiteFideId "2209420"]
[BlackFideId "2000407"]
[WhiteElo "2218"]
[BlackElo "2393"]
[Result "0-1"]
[Round "09"]
[TimeControl "180+2"]
[Date "2023.01.31"]
[WhiteClock "0:01:03"]
[BlackClock "0:02:00"]

1. d4 Nf6 2. c4 a6 3. Nc3 c5 4. d5 b5 5. cxb5 axb5 6. Nxb5 Qa5+ 7. Nc3 Bb7 8. Bd2 Qb6 9. e4 e6 10. dxe6 fxe6 11. e5 Ne4 12. Nxe4 Bxe4 13. Bc3 Be7 14. Qg4 Bg6 15. h4 O-O 16. h5 Bf5 17. Qg3 Nc6 18. Bd3 Bxd3 19. Qxd3 c4 20. Qxd7 Qxf2+ 21. Kd1 Rad8 0-1


[Site "https://www.chess.com"]

[Event "Titled Tuesday Blitz January 31 Late 2023"]
[White "Graif, William"]
[Black "Alfaro, William"]
[WhiteFideId "2609835"]
[BlackFideId "6100457"]
[WhiteElo "2304"]
[BlackElo "2134"]
[Result "0-1"]
[Round "09"]
[TimeControl "180+2"]
[Date "2023.01.31"]
[WhiteClock "0:00:01"]
[BlackClock "0:00:47"]

1. e4 Nf6 2. e5 Nd5 3. Nc3 Nb6 4. d4 e6 5. Qg4 h5 6. Qg3 g6 7. Bg5 Be7 8. Nf3 d5 9. h4 N8d7 10. Qf4 a6 11. Rh3 c5 12. O-O-O cxd4 13. Nxd4 Nc5 14. Rf3 Rh7 15. Nb3 Qc7 16. Bxe7 Qxe7 17. Nxc5 Qxc5 18. Bd3 Bd7 19. Qf6 Qe7 20. Qf4 O-O-O 21. Qd4 Kc7 22. Kb1 Rc8 23. Rf6 Qd8 24. Qf4 Be8 25. Be2 Kb8 26. Qf3 Qc7 27. Rf4 Qxe5 28. Bd3 f5 29. g3 Rhc7 30. Rb4 Qd6 31. Rb3 Bf7 32. Be2 e5 33. a3 d4 34. Rb4 Qe6 35. Rxb6 Qxb6 36. Nd5 Bxd5 37. Qxd5 Rxc2 38. Qxe5+ Ka8 39. b4 Qc6 40. Bd3 Rc1+ 41. Rxc1 Qxc1+ 42. Ka2 Qd2+ 0-1


[Site "https://www.chess.com"]

[Event "Titled Tuesday Blitz January 31 Late 2023"]
[White "Carbone, Diego"]
[Black "Bulgurlu, Okan"]
[WhiteFideId "3002179"]
[BlackFideId "6352316"]
[WhiteElo "2336"]
[BlackElo "1908"]
[Result "1-0"]
[Round "09"]
[TimeControl "180+2"]
[Date "2023.01.31"]
[WhiteClock "0:00:23"]
[BlackClock "0:00:02"]

1. d4 d5 2. c4 c6 3. Nf3 Nf6 4. e3 Bf5 5. Nc3 e6 6. Nh4 Bg4 7. Qb3 Qb6 8. h3 Qxb3 9. axb3 Bh5 10. g4 Bg6 11. Nxg6 hxg6 12. Bg2 Bb4 13. Ke2 Nbd7 14. Bd2 a6 15. g5 Bxc3 16. bxc3 Ne4 17. h4 O-O-O 18. Be1 Nd6 19. cxd5 exd5 20. f3 Rde8 21. Kd3 Re7 22. Bg3 Nf5 23. Bf2 Nf8 24. e4 Nd6 25. Bg3 Ne8 26. Bh3+ Ne6 27. Rae1 Kd8 28. c4 dxc4+ 29. bxc4 Nd6 30. Bxd6 Rd7 31. Bxe6 Rxd6 32. Bg4 Kc7 33. c5 Rdd8 34. Kc4 1-0


[Site "https://www.chess.com"]

[Event "Titled Tuesday Blitz January 31 Late 2023"]
[White "Szente Varga, Fruzsina"]
[Black "Marczuk, Dominik"]
[WhiteFideId "712264"]
[BlackFideId "1111264"]
[WhiteElo "2075"]
[BlackElo "2253"]
[Result "1-0"]
[Round "09"]
[TimeControl "180+2"]
[Date "2023.01.31"]
[WhiteClock "0:01:06"]
[BlackClock "0:00:01"]

1. e4 c5 2. Nf3 Nc6 3. Bb5 g6 4. Nc3 Bg7 5. O-O Nf6 6. e5 Ng4 7. Bxc6 dxc6 8. Qe2 O-O 9. d3 Qc7 10. Bf4 Nh6 11. Bg3 Qd8 12. Ne4 b6 13. Neg5 Nf5 14. e6 f6 15. Nh3 g5 16. Nd2 Nd4 17. Qh5 Bxe6 18. f4 g4 19. Nf2 Qe8 20. Qxe8 Rfxe8 21. c3 Ne2+ 22. Kh1 Nxg3+ 23. hxg3 f5 24. Rae1 Bxa2 25. Nd1 Bd5 26. Ne3 e6 27. c4 Bxb2 28. cxd5 cxd5 29. Nd1 Bf6 30. Re2 a5 31. Rfe1 Kf7 32. Nb1 a4 33. Ndc3 Ra5 34. Rb2 Rb8 35. Rb5 Ra6 36. Na2 Ra5 37. Nbc3 Ra6 38. Reb1 Bd4 39. Ne2 Bf6 40. Rxc5 bxc5 41. Rxb8 c4 42. dxc4 dxc4 43. Rb7+ Kg6 44. Kg1 Rd6 45. Nec3 Rd2 46. Rb4 1-0


[Site "https://www.chess.com"]